 Dungeon Crawl Stone Soup version 0.29.0-4-gdea44cf6ec (webtiles) character file.

Game seed: 1541534227645364689

49 qw the Sneak (level 3, 0/23 HPs)
             Began as a Gargoyle Delver on Sept 10, 2022.
             Slain by an orc
             ... wielding a +0 short sword
              (1 damage)
             ... on level 4 of the Dungeon.
             The game lasted 00:00:05 (69 turns).

qw the Sneak (Gargoyle Delver)                        Turns: 69, Time: 00:00:05

Health: 0/23       AC:  6    Str: 17    XL:     3   Next: 75%
Magic:  3/3        EV: 11    Int: 10    God:
Gold:   0          SH:  0    Dex: 11    Spells: 2/2 levels left

rFire   . . .      SeeInvis .   a - +0 hand axe
rCold   . . .      Faith    .   (no shield)
rNeg    + . .      Spirit   .   b - +0 leather armour
rPois   inf        Reflect  .   (no helmet)
rElec   +          Harm     .   (no cloak)
rCorr   .          Rampage  .   (no gloves)
Will    .....                   (no boots)
Stlth   +++.......              (no amulet)
HPRegen 0.07/turn               (no ring)
MPRegen 0.08/turn               (no ring)

@: no status effects
A: sickness immunity, AC +3, negative energy resistance 1, electricity
resistance, torment resistance 1, petrification resistance
a: no special abilities


You were on level 4 of the Dungeon.
You visited 1 branch of the dungeon, and saw 2 of its levels.


Innate Abilities, Weirdness & Mutations

You are immune to sickness and miasma.
Your stone body is resilient. (AC +3)
You are immune to poison.
You resist negative energy. (rN+)
You are resistant to electric shocks. (rElec)
You are resistant to unholy torment.
You are immune to petrification.


   Skills:
 - Level 3.2 Fighting
 + Level 3.6 Axes
 - Level 1.5 Dodging
 - Level 5.4 Stealth


You had 2 spell levels left.
You didn't know any spells.
Your spell library was empty.

Inventory:

Hand Weapons
 a - a +0 hand axe (weapon)
Armour
 b - a +0 leather armour (worn)
Wands
 g - a wand of digging (3)
Potions
 f - a potion of haste

Dungeon Overview and Level Annotations

Branches:
Dungeon (5/15)
 Temple: D:4-7

Altars:


Message History

The jackal is heavily wounded.
You hit the adder. You hit the orc. You hit the orc but do no damage.
The jackal barely misses you. The orc hits you but does no damage.
The orc barely misses you. The orc closely misses you.
The adder barely misses you. The jackal closely misses you.
You closely miss the adder.
The adder is severely wounded.
You hit the orc. You closely miss the jackal. You barely miss the orc.
The adder bites you. The orc barely misses you.
The orc hits you from afar with a +0 trident.
The orc hits you but does no damage. The jackal completely misses you.
You hit the adder but do no damage.
The adder is severely wounded.
You closely miss the orc. You hit the jackal.
You kill the jackal!
You closely miss the orc. The adder bites you but does no damage.
The orc barely misses you. The orc hits you but does no damage.
The orc hits you from afar with a +0 trident.
The quokka twitches its whiskers.
The adder bites you but does no damage.
You closely miss the adder.
The adder is heavily wounded.
You hit the orc. You closely miss the orc. You hit the orc.
The orc hits you with a +0 short sword. The orc barely misses you. x2
The orc misses you. The adder closely misses you.
The orc hits you but does no damage. The orc barely misses you.
The orc hits you but does no damage. x2
You miss the adder.
The adder is heavily wounded.
You closely miss the orc. You hit the orc.
You kill the orc!
You hit the orc.
The adder bites you but does no damage. x2; The orc hits you with a +0 hand axe.
The orc barely misses you. The orc closely misses you.
You hit the orc.
You kill the orc!
You miss the adder. You completely miss the orc. You hit the orc.
The adder closely misses you. The orc hits you with a +0 short sword.
You die...

.. .
...#####.
...#.....
........#
.......S#
.....ooo#
#.oSo#
#oro@####
####)...###
####...#
###.# #.#
#.# #.# #.#
#.###


You could see an adder, 7 orcs, a quokka and a ball python.

Vanquished Creatures
  A howler monkey (D:4)
  3 orcs (D:4)
  A giant cockroach (D:4)
  4 jackals (D:4)
9 creatures vanquished.

Notes
Turn   | Place    | Note
-------+----------+-------------------------------------------
     0 | D:5      | qw the Gargoyle Delver began the quest for the Orb.
     0 | D:5      | Reached XP level 1. HP: 14/14 MP: 1/1
     0 | D:5      | 0 ||| qw: Version: 0.1-a-116-g5d60599
     0 | D:5      | 0 ||| qw: Game counter: 7835
     0 | D:5      | 0 ||| qw: Always use a shield: true
     0 | D:5      | 0 ||| qw: God list: Okawaru
     0 | D:5      | 0 ||| qw: Allow faded altars: false
     0 | D:5      | 0 ||| qw: Do Orc after D:15 true
     0 | D:5      | 0 ||| qw: Do second Lair branch before Depths: true
     0 | D:5      | 0 ||| qw: Lair rune preference: random
     0 | D:5      | 0 ||| qw: Plans: Normal
     0 | D:5      | 0 ||| PLANNING D:1-11
     0 | D:5      | 0 ||| DROPPING scroll of fog.
     1 | D:5      | 1 ||| DROPPING scroll of magic mapping.
     2 | D:5      | 2 ||| DROPPING scroll of fear.
     7 | D:4      | 7 ||| PLANNING SEWER
    27 | D:4      | Noticed a howler monkey
    44 | D:4      | Killed a howler monkey
    45 | D:4      | Reached skill level 3 in Axes
    45 | D:4      | Reached XP level 2. HP: 16/19 MP: 2/2
    45 | D:4      | Reached XP level 3. HP: 19/23 MP: 3/3
    65 | D:4      | HP: 5/23 [orc/+0 trident (2)]
    68 | D:4      | HP: 1/23 [orc/+0 hand axe (2)]
    69 | D:4      | Slain by an orc

Levels and vault maps discovered:
D:4:      layout_basic, portal_sewer_entry_e, serial_shops,
          nicolae_shop_window_shopping
D:5:      layout_loops_ring, mainiacjoe_overflow_surrounded_room,
          mainiacjoe_overflow_catch_the_wave, makhleb_heckhound_becter,
          minmay_temple_entry_ruins, uniq_duvessa

Skill      XL: |  1 |
---------------+----+-----
Axes           | 3 |  3.6
Fighting       | |  3.2
Dodging        | |  1.5
Stealth        | |  5.4

Action                   || total
-------------------------++-------
Melee: Hand axe          ||    31
Armor: Leather armour    ||    34
Dodge: Dodged            ||    54

Table legend:
 A = Non-vault XP
 B = Vault XP
 C = Vault XP percentage of total XP
 D = Non-vault monster count
 E = Vault monster count
 F = Vault count percentage of total count
                 A         B        C        D         E       F
            +---------+---------+-------+---------+---------+-------
      Total |      73 |       0 |   0.0 |       9 |       0 |   0.0
            +---------+---------+-------+---------+---------+-------
        D:4 |      73 |       0 |   0.0 |       9 |       0 |   0.0
            +---------+---------+-------+---------+---------+-------
